 Dungeon Crawl Stone Soup version 0.31-a0-365-gcf821cafb2 (webtiles) character file.

Game seed: 5951718389637382453

11337 promet the Slicer (level 11, -3/69 HPs)
             Began as a Tengu Fighter on July 27, 2023.
             Was a Priest of Wu Jian.
             Constricted to death by Jorgrun (7 damage)
             ... while petrified by Jorgrun
             ... on level 12 of the Dungeon.
             The game lasted 01:39:41 (18500 turns).

promet the Slicer (Tengu Fighter)                  Turns: 18500, Time: 01:39:42

Health: -3/69      AC: 24    Str: 16    XL:     11   Next: 76%
Magic:  12/12      EV: -1    Int:  9    God:    Wu Jian [***...]
Gold:   535        SH:  0    Dex: 22    Spells: 10/10 levels left

rFire   . . .        a - +7 mace of Variability {chaos, chaos arc}
rCold   . . .        (shield currently unavailable)
rNeg    + + +        w - +5 plate armour
rPois   ∞            (helmet restricted)
rElec   .            C - +0 cloak
rCorr   .            (no gloves)
SInv    .            (boots unavailable)
Will    .....        (no amulet) Stlth
                     n - +6 ring of dexterity
HPRegen 0.31/turn    m - +4 ring of protection
MPRegen 0.13/turn

%: no passive effects
@: petrified, grasped by roots, flying quickly and evasively, constricted,
studying Maces & Flails, serpent's lash, quick
A: beak, talons 3, nimble flight, claws 1, clumsy 1, sense surroundings 1
a: Renounce Religion, Wall Jump, Serpent's Lash


You were on level 12 of the Dungeon.
You worshipped Wu Jian.
Wu Jian was most pleased with you.
You visited 2 branches of the dungeon, and saw 13 of its levels.
You also visited: Ossuary.

You collected 647 gold pieces.
You spent 112 gold pieces at shops.

Inventory:

Hand Weapons
 a - the +7 mace of Variability (weapon) {chaos, chaos arc}
   (You found it on level 9 of the Dungeon)
 b - a +7 longbow of draining
 c - the +9 rapier of Xisov {pain, rElec Will+}
   (You found it on level 7 of the Dungeon)

   rElec:     It insulates you from electricity.
   Will:      It increases your willpower.
 p - a +2 flail of protection
 q - a +0 rapier of electrocution
 x - a +0 glaive
 B - a +0 heavy dire flail
 E - a +1 heavy trident
 I - a +2 short sword of venom
 P - a +4 quarterstaff of draining
 Q - a +0 sling of flaming
Missiles
 e - 133 stones
 h - 9 javelins
 l - 34 poisoned darts
 A - 3 atropa-tipped darts
Armour
 w - a +5 plate armour (worn)
 C - a +0 cloak (worn)
 G - a +0 tower shield
 T - a +2 tower shield
Magical Staves
 j - a staff of conjuration
Jewellery
 g - a ring of see invisible
 m - a +4 ring of protection (right claw)
 n - a +6 ring of dexterity (left claw)
 O - the ring of Muma {Fire rPois Will- Str+3 SInv}
   (You took it off a yaktaur captain on level 10 of the Dungeon)

   [ring of fire]

   It enhances your fire magic.
   Str:       It affects your strength (+3).
   rF:        It protects you from fire.
   rC:        It makes you vulnerable to cold.
   rPois:     It protects you from poison.
   SInv:      It lets you see invisible.
   Will:      It decreases your willpower.
Wands
 d - a wand of paralysis (11)
 M - a wand of digging (13)
Scrolls
 o - a scroll of brand weapon
 s - 3 scrolls of amnesia
 t - 4 scrolls of teleportation
 y - 4 scrolls of fog
 K - a scroll of poison
 S - a scroll of blinking
Potions
 f - a potion of heal wounds
 i - 2 potions of attraction
 k - 4 potions of haste
 r - 3 potions of mutation
 u - 3 potions of might
 v - a potion of cancellation {unknown}
 z - 2 potions of enlightenment
 F - a potion of berserk rage
 J - 3 potions of curing
 L - 3 potions of resistance
 N - a potion of invisibility {unknown}
Miscellaneous
 R - a piece from Xom's chessboard (15/15)


   Skills:
 + Level 8.7 Fighting
 + Level 9.7 Short Blades
 + Level 5.3 Maces & Flails
 + Level 6.0 Ranged Weapons
 + Level 2.3 Throwing
 + Level 9.7 Armour
 + Level 3.2 Dodging
 + Level 1.6 Stealth
 + Level 6.8 Shields
 + Level 4.8 Necromancy
 * Level 2.3 Evocations


You had 10 spell levels left.
You didn't know any spells.
Your spell library contained the following spells:

 Spells                   Type           Power      Damage    Failure   Level
 Foxfire                  Conj/Fire      0%         2x1d4     100%        1
 Magic Dart               Conj           0%         1d3       100%        1
 Summon Small Mammal      Summ           0%         N/A       100%        1
 Call Imp                 Summ           0%         N/A       100%        2
 Cigotuvi's Dreadful Rot  Necr/Pois/Air  4%         N/A       100%        2
 Wereblood                Tmut           0%         N/A       100%        2
 Call Canine Familiar     Summ           0%         N/A       100%        3
 Gell's Gravitas          Tloc           0%         N/A       100%        3
 Ignite Poison            Fire/Tmut/Pois 0%         N/A       100%        3
 Mephitic Cloud           Conj/Pois/Air  0%         N/A       100%        3
 Stone Arrow              Conj/Erth      0%         3d7       100%        3
 Summon Guardian Golem    Hex/Summ       0%         N/A       100%        3
 Teleport Other           Tloc           0%         N/A       100%        3
 Animate Armour           Summ/Erth      0%         N/A       100%        4
 Animate Dead             Necr           8%         N/A       100%        4
 Alistair's Intoxication  Tmut/Pois      0%         N/A       100%        5
 Borgnjor's Vile Clutch   Necr/Erth      2%         N/A       100%        5
 Freezing Cloud           Conj/Ice/Air   0%         6-21      100%        5
 Death Channel            Necr           4%         N/A       100%        6
 Dispersal                Tloc           0%         N/A       100%        6
 Plasma Beam              Fire/Air       0%         2x1d10    100%        6
 Starburst                Conj/Fire      0%         6d3       100%        6
 Lehudib's Crystal Spear  Conj/Erth      0%         10d2      100%        8


Dungeon Overview and Level Annotations

Branches:
Dungeon (12/15)            Temple (1/1) D:6            Lair (0/5) D:11
Ossuary (visited)
    Orc: D:9-12

Altars:
Ashenzari
Cheibriados
Dithmenos
Elyvilon
Fedhas
Gozag
Hepliaklqana
Kikubaaqudgha
Makhleb
Nemelex Xobeh
Okawaru
Qazlal
Ru
Sif Muna
Trog
Uskayaw
Vehumet
Wu Jian
Xom
Yredelemnul
Zin
The Shining One
Lugonu

Shops:
D:8 [

Portals:
Abyss: D:8

Annotations:
D:4 2 runed translucent doors, Newt's ghost, amateur MfFi
D:12 Jorgrun


Innate Abilities, Weirdness & Mutations

You have a beak for a mouth.
You have claws for feet.
Your magical nature lets you fly swiftly and evasively.
You have sharp fingernails.
You are clumsy. (Dex -2)
You passively map a small area around you.


Message History

You closely miss Jorgrun. You claw Jorgrun. You peck Jorgrun.
Jorgrun is heavily wounded.
Jorgrun is no longer moving slowly.
Jorgrun points at you and mumbles some strange words.
Roots burst forth from the earth!
The grasping roots grab you! The grasping roots constrict you.
You closely miss Jorgrun. You claw Jorgrun. Your peck misses Jorgrun.
Jorgrun is heavily wounded.
Jorgrun hits you with a +0 heavy quarterstaff!
The grasping roots constrict you!
You bludgeon Jorgrun!! You claw Jorgrun. Your peck misses Jorgrun.
Jorgrun is severely wounded.
Jorgrun hits you but does no damage. The grasping roots constrict you!
You hit Jorgrun but do no damage. You claw Jorgrun. Your peck misses Jorgrun.
Jorgrun is severely wounded.
Jorgrun casts a spell at you.
You are slowing down.
The grasping roots constrict you!
* * * LOW HITPOINT WARNING * * *
You sock Jorgrun! You freeze Jorgrun. You claw Jorgrun.
Jorgrun is almost dead.
Jorgrun hits you but does no damage. The grasping roots constrict you.
* * * LOW HITPOINT WARNING * * *
Jorgrun hits you with a +0 heavy quarterstaff.
* * * LOW HITPOINT WARNING * * *
The grasping roots constrict you!
* * * LOW HITPOINT WARNING * * *
You have turned to stone.
Jorgrun hits you but does no damage. The grasping roots constrict you.
Jorgrun points at you and mumbles some strange words.
The entropic shot hits you!
* * * LOW HITPOINT WARNING * * *
The grasping roots constrict you. Jorgrun hits you but does no damage.
The grasping roots constrict you. Jorgrun casts a spell next to you.
The wall shatters!
The blast of rock fragments hits you but does no damage.
The grasping roots constrict you!
You die...

#########
#.......#
#.......#
#.......###
*#####* *
#......^..##......
#.......#.@gC.....
#.......####......
#.......# (....
#.......# * (... ,
#.......# ,,..( +
, , #.......# , ..
* ######.## * #
#..# ####.## #..*


You could see Jorgrun (poisoned) and a cyclops.

Vanquished Creatures
  2 yaktaur captains (D:10)
  A hydra (D:9)
  A boulder beetle (D:11)
  A two-headed ogre (D:10)
  A manticore (D:9)
  A gargoyle (D:11)
  A kobold demonologist (D:10)
  2 trolls (D:11)
  3 wyverns
  A shadow (D:11)
  A yak (D:10)
  A vampire (D:9)
  2 chaos spawn (D:9)
  A steam dragon (D:10)
  2 wraiths
  2 vampire mosquitoes (D:12)
  3 acid dragons
  The ghost of pokeman the Magician, an amateur DEHW of Vehumet (D:3)
  A water moccasin (D:9)
  5 orc warriors
  An ice beast (D:7)
  2 black bears
  A wolf (D:11)
  An ogre (D:5)
  2 phantoms
  4 centaurs
  5 kobold brigands
  3 gnoll sergeants
  A bullfrog (D:8)
  7 scorpions
  5 water moccasin zombies (Ossuary)
  6 killer bees
  4 howler monkeys
  2 electric eels (D:11)
  A lava snake (D:8)
  8 hounds
  5 orc priests
  4 gnoll boudas
  2 jellies (D:6)
  4 sleepcaps
  5 iguanas
  8 orc wizards
  3 mummies
  Robin (D:2)
  24 gnolls
  5 adders
  2 shadow imps
  An ufetubus (D:5)
  5 adder zombies (Ossuary)
  5 worms
  A dart slug (D:2)
  17 orcs
  4 bats
  A bat zombie (D:9)
  An endoplasm (D:2)
  3 giant cockroaches
  12 goblins
  7 hobgoblins
  6 quokkas
  6 ball pythons
  A frilled lizard (D:1)
  4 hobgoblin zombies (Ossuary)
  19 kobolds
  4 kobold zombies (Ossuary)
  6 orc zombies
  7 rats
  A lurking horror (D:8)
260 creatures vanquished.

Vanquished Creatures (others)
  An orc wizard (D:11)
  An orc zombie (D:11)
2 creatures vanquished.

Grand Total: 262 creatures vanquished

Notes
Turn   | Place    | Note
-------+----------+-------------------------------------------
     0 | D:1      | promet the Tengu Fighter began the quest for the Orb.
     0 | D:1      | Reached XP level 1. HP: 14/14 MP: 2/2
   167 | D:1      | Reached XP level 2. HP: 19/19 MP: 3/3
  1093 | D:2      | Reached XP level 3. HP: 15/23 MP: 4/4
  1238 | D:2      | Noticed Robin
  1245 | D:2      | Killed Robin
  2004 | D:2      | Reached XP level 4. HP: 26/29 MP: 5/5
  2771 | D:2      | Found a faded altar of an unknown god.
  3115 | D:3      | Found a runed translucent door.
  3131 | D:3      | Noticed a scorpion
  3139 | D:3      | Killed a scorpion
  3140 | D:3      | Gained mutation: Your magical nature lets you fly swiftly
                  | and evasively. [Tengu growth]
  3140 | D:3      | Reached XP level 5. HP: 25/33 MP: 6/6
  3476 | D:3      | Noticed pokeman's ghost (amateur DEHW)
  3542 | D:3      | Reached skill level 1 in Dodging
  3846 | D:3      | Found a runed translucent door.
  3956 | D:3      | Killed pokeman's ghost
  3957 | D:3      | Reached skill level 1 in Stealth
  3957 | D:3      | Reached XP level 6. HP: 30/39 MP: 7/7
  4264 | D:4      | Noticed an orc warrior
  4477 | D:4      | Reached skill level 1 in Throwing
  4477 | D:4      | Reached skill level 5 in Armour
  4477 | D:4      | Reached XP level 7. HP: 44/44 MP: 8/8
  4625 | D:4      | Found a sand-covered staircase.
  4685 | Ossuary  | Entered an ossuary
  4712 | Ossuary  | Reached skill level 5 in Fighting
  5110 | Ossuary  | Reached skill level 5 in Short Blades
  5686 | D:4      | Reached XP level 8. HP: 43/51 MP: 9/9
  6068 | D:4      | Found a large runed translucent door.
  6069 | D:4      | Found a large runed translucent door.
  6072 | D:4      | Noticed Newt's ghost (amateur MfFi)
  6154 | D:5      | Entered Level 5 of the Dungeon
  6512 | D:5      | Gained mutation: You are clumsy. (Dex -2) [potion of
                  | mutation]
  6512 | D:5      | Gained mutation: You passively map a small area around you.
                  | [potion of mutation]
  6512 | D:5      | Gained mutation: You have sharp fingernails. [potion of
                  | mutation]
  8516 | D:6      | Reached skill level 1 in Ranged Weapons
  8516 | D:6      | Reached XP level 9. HP: 53/55 MP: 10/10
  8914 | D:6      | Found a basalt altar of Yredelemnul.
  8978 | D:6      | Found a white marble altar of Elyvilon.
  9271 | D:6      | Found a staircase to the Ecumenical Temple.
  9284 | Temple   | Entered the Ecumenical Temple
  9302 | Temple   | Became a worshipper of the Wu Jian Council
 10244 | D:7      | Found an iron altar of Okawaru.
 10363 | D:7      | Identified the +9 rapier of Xisov {pain, rElec Will+}
 10441 | D:7      | Reached skill level 5 in Shields
 10516 | D:7      | Reached skill level 1 in Necromancy
 10578 | D:8      | Found Icziv's Antique Armour Boutique.
 10665 | D:8      | Bought a cloak for 112 gold pieces
 10721 | D:8      | Reached * piety under Wu Jian
 10801 | D:8      | Found a one-way gate to the infinite horrors of the Abyss.
 11036 | D:8      | Found a corrupted altar of Lugonu.
 12447 | D:9      | Reached XP level 10. HP: 47/61 MP: 11/11
 12764 | D:9      | Reached ** piety under Wu Jian
 12836 | D:9      | Noticed a manticore
 12848 | D:9      | Killed a manticore
 13613 | D:9      | Found a shimmering altar of Xom.
 13618 | D:9      | Found the +7 mace of Variability {chaos, chaos arc}
 13856 | D:9      | Found an ancient bone altar of Kikubaaqudgha.
 13927 | D:9      | Found a shimmering blue altar of Sif Muna.
 14035 | D:10     | Entered Level 10 of the Dungeon
 14430 | D:10     | Noticed a two-headed ogre
 14432 | D:10     | Noticed a kobold demonologist
 14441 | D:10     | Killed a kobold demonologist
 14446 | D:10     | Killed a two-headed ogre
 14447 | D:10     | Reached skill level 5 in Ranged Weapons
 14554 | D:10     | Reached skill level 1 in Maces & Flails
 14925 | D:10     | Noticed a gargoyle
 15195 | D:10     | Found a broken altar of Ashenzari.
 15349 | D:10     | Reached XP level 11. HP: 58/68 MP: 12/12
 15492 | D:10     | Found a shadowy altar of Dithmenos.
 15562 | D:10     | Found a stormy altar of Qazlal.
 15712 | D:10     | Noticed a four-headed hydra
 15756 | D:9      | Killed a four-headed hydra
 16010 | D:10     | Identified the ring of Muma {Fire rPois Will- Str+3 SInv}
 16010 | D:10     | Noticed a yaktaur captain
 16022 | D:10     | Killed a yaktaur captain
 16182 | D:10     | Noticed a yaktaur captain
 16205 | D:10     | Killed a yaktaur captain
 16476 | D:10     | Got the Quarto of Pestilent Shaping
 16607 | D:11     | Noticed a boulder beetle
 16621 | D:11     | Killed a boulder beetle
 16622 | D:11     | Reached skill level 1 in Evocations
 16646 | D:11     | Found a staircase to the Lair.
 16652 | D:11     | Reached *** piety under Wu Jian
 17581 | D:11     | Found a shimmering blue altar of Sif Muna.
 18417 | D:12     | Reached skill level 5 in Maces & Flails
 18475 | D:12     | Noticed Jorgrun
 18476 | D:12     | Noticed a cyclops
 18497 | D:12     | HP: 3/69 [Jorgrun/entropic shot (8)]
 18500 | D:12     | Constricted to death by Jorgrun

Illustrated notes

Levels and vault maps discovered:
D:1:      lightli_arrival_statue_moat, layout_loops_cross, minmay_pentomino_s4
D:2:      layout_basic, shapermc_ecumenical_altar_petra, uniq_robin
D:3:      layout_basic, ebering_ghost_sewer_f, minmay_misc_feat_rugged,
          chequers_serial_rivers_micro_d
D:4:      layout_basic, nicolae_ossuary_entry_giza, ebering_ghost_disaster_area,
          minmay_manual_mess
D:5:      layout_loops_ring, hangedman_abyss_or_decor_lesser_grid,
          chequers_serial_rivers_small_3, chequers_serial_rivers_large_b
D:6:      layout_layer_cave, kennysheep_ying_yang, temple_hall
D:7:      layout_rooms, mainiacjoe_overflow_brackets
D:8:      layout_basic, serial_shops, shop_fountains, kennysheep_small_spiral,
          amcnicky_altar_lugonu_corruption
D:9:      layout_irregular_city, lemuel_doored_altar,
          lemuel_zombie_altar_kikubaaqudgha, serial_rivers,
          chequers_serial_rivers_small_3, chequers_serial_rivers_micro_d,
          chequers_serial_rivers_micro_d, chequers_serial_rivers_room_b,
          chequers_serial_rivers_micro_d, chequers_serial_rivers_micro_c,
          minmay_guarded_unrand_variability
D:10:     layout_small_grid, mainiacjoe_overflow_catwalk,
          nicolae_overflow_crystal_walls, nicolae_dithmenos_the_darkroom,
          minmay_the_grid_2x2 [minmay_the_grid_tiny_cups,
          minmay_the_grid_expand, minmay_the_grid_broken_lines,
          minmay_the_grid_prize_diamond_cup]
D:11:     layout_grid_maze, erik_lair_island, nicolae_sif_muna_condensation
D:12:     layout_roguey, erik_orc_1, gauntlet_entry_generic, uniq_frances,
          uniq_jorgrun, uniq_sonja
Temple:   dpeg_chambers_temple

Skill      XL: |  1  2  3  4  5  6  7  8  9 10 11 |
---------------+----------------------------------+-----
Fighting       | 4 5 6 7 8 |  8.7
Armour         | 4 5 7 8 9 |  9.7
Dodging        | 1 2 3 |  3.2
Short Blades   | 3 4 5 6 7 9 |  9.7
Stealth        | 1 |  1.6
Throwing       | 1 2 |  2.3
Shields        | 4 5 6 |  6.8
Ranged Weapons | 1 4 5 6 |  6.0
Necromancy     | 2 4 |  4.8
Maces & Flails | 1 5 |  5.3
Evocations     | 2 |  2.3

Action                     |  1- 3 |  4- 6 |  7- 9 | 10-12 || total
---------------------------+-------+-------+-------+-------++-------
  Melee: Rapier            |    70 |    49 |   309 |   169 ||   597
         Short sword       |    15 |       |    10 |       ||    25
         Kick              |    19 |    12 |    95 |    80 ||   206
         Peck              |     4 |     9 |    59 |    51 ||   123
         Flail             |       |       |       |    28 ||    28
         Great mace        |       |       |       |    44 ||    44
   Fire: Sling             |       |       |    73 |    34 ||   107
         Longbow           |       |       |       |    20 ||    20
  Throw: Javelin           |     1 |     8 |     3 |       ||    12
         Dart              |       |       |     8 |     6 ||    14
         Throwing net      |       |       |       |     2 ||     2
 Invoke: Serpent's Lash    |       |       |       |     1 ||     1
Ability: Lunge             |       |       |     8 |    20 ||    28
         Whirlwind         |       |       |     4 |    17 ||    21
         Wall Jump         |       |       |       |     1 ||     1
  Evoke: Wand              |       |       |     1 |     1 ||     2
         Piece from Xom's  |       |       |       |     1 ||     1
    Use: Scroll            |     7 |     3 |    12 |     4 ||    26
         Potion            |     1 |       |    12 |     2 ||    15
 Armour: Scale mail        |    27 |    11 |    11 |       ||    49
         Plate armour      |       |       |   155 |   161 ||   316
  Dodge: Dodged            |    27 |    17 |    75 |    58 ||   177
  Block: Buckler           |    20 |     9 |    21 |       ||    50
         Kite shield       |       |       |   128 |   117 ||   245

Table legend: (Time is in decaauts)
 A = Elapsed time spent in this place.
 B = Non-inter-level travel time spent in this place.
 C = Inter-level travel time spent in this place.
 D = Time resting spent in this place.
 E = Time spent auto-exploring this place.
 F = Levels seen in this place.
 G = Mean time per level.
                   A        B        C        D        E       F      G
               +--------+--------+--------+--------+--------+-----+--------+
         Total |  17764 |  16939 |    825 |   6509 |   4076 |  14 | 1268.9 |
       Dungeon |  17232 |  16407 |    825 |   6232 |   4076 |  12 | 1436.0 |
        Temple |     33 |     33 |      0 |      0 |      0 |   1 |   33.0 |
       Ossuary |    498 |    498 |      0 |    277 |      0 |   1 |  498.0 |
               +--------+--------+--------+--------+--------+-----+--------+

Top non-repeatable levels by time:
     D:9: 2301 daAuts
     D:2: 2131 daAuts
     D:6: 1958 daAuts
    D:11: 1727 daAuts
    D:10: 1725 daAuts
     D:8: 1697 daAuts
     D:3: 1296 daAuts
     D:1: 1294 daAuts
     D:4: 1072 daAuts
     D:5: 1054 daAuts
     D:7: 840 daAuts
 Ossuary: 498 daAuts
    D:12: 133 daAuts
  Temple: 33 daAuts
